 Dungeon Crawl Stone Soup version 0.31-a0-841-g038b102fc3 (webtiles) character file.

Game seed: 5770582665217614144

2196 Kurtz the Cleaver (level 9, -1/56 HPs)
             Began as an Octopode Fighter on Sept 28, 2023.
             Was a Follower of Zin.
             Killed from afar by an electric eel (11 damage)
             ... with a bolt of electricity
             ... on level 7 of the Dungeon.
             The game lasted 00:07:00 (5289 turns).

Kurtz the Cleaver (Octopode Fighter)                Turns: 5289, Time: 00:07:00

Health: -1/56      AC:  1    Str: 15    XL:     9   Next: 34%
Magic:  9/9        EV: 13    Int: 10    God:    Zin [*.....]
Gold:   257        SH:  5    Dex: 16    Spells: 8/8 levels left

rFire   . . .        y - +2 hand axe (freeze)
rCold   . . .        b - +0 buckler
rNeg    . . .        (helmet restricted)
rPois   .            (no amulet)
rElec   .            h - ring of see invisible
rCorr   .            (no ring)
SInv    +            (no ring)
Will    .....        (no ring)
Stlth   ++           (no ring)
HPRegen 0.29/turn    (no ring)
MPRegen 0.11/turn    (no ring)
                     (no ring)

%: no passive effects
@: lethally poisoned (-1 -> -11), slowed, very slow
A: almost no armour, amphibious, 8 rings, camouflage 1, gelatinous body 1,
(nimble swimmer 1), tentacles
a: Renounce Religion, Recite, Donate Gold


You were on level 7 of the Dungeon.
You worshipped Zin.
Zin was aware of your devotion.
You visited 2 branches of the dungeon, and saw 8 of its levels.
You also visited: Sewer.

You collected 285 gold pieces.
You donated 28 gold pieces to Zin.

Inventory:

Hand Weapons
 a - a +0 war axe
 l - a +0 hand axe of electrocution
 y - a +2 hand axe of freezing (weapon)
Missiles
 m - 19 poisoned darts
Armour
 b - a +0 buckler (worn)
Jewellery
 h - a ring of see invisible (left tentacle)
 j - a ring of wizardry
 o - a ring of fire
Wands
 s - a wand of mindburst (24) (quivered)
Scrolls
 d - 3 scrolls of fog
 f - 3 scrolls of identify
 i - 6 scrolls of teleportation
 k - 2 scrolls of silence {unknown}
 n - 2 scrolls of torment {unknown}
 p - a scroll of enchant weapon {unknown}
 q - a scroll of blinking {unknown}
 t - a scroll of fear {unknown}
 x - a scroll of vulnerability {unknown}
Potions
 c - 2 potions of might
 e - 2 potions of haste {unknown}
 g - 3 potions of enlightenment
 r - a potion of brilliance
 u - a potion of heal wounds
 v - a potion of lignification {unknown}
 w - a potion of magic {unknown}
 z - a potion of curing


   Skills:
 - Level 3.0 Fighting
 * Level 12.1 Axes
 - Level 3.0 Dodging
 - Level 3.0 Shields
 * Level 1.2 Invocations


You had 8 spell levels left.
You didn't know any spells.
Your spell library contained the following spells:

 Spells                   Type           Power      Damage    Failure   Level
 Slow                     Hex            0%         N/A       45%         1
 Cigotuvi's Dreadful Rot  Necr/Pois/Air  0%         N/A       58%         2
 Confusing Touch          Hex            0%         N/A       83%         3
 Ignite Poison            Fire/Tmut/Pois 0%         N/A       83%         3
 Inner Flame              Hex/Fire       0%         N/A       83%         3
 Sigil of Binding         Hex            0%         N/A       83%         3
 Summon Guardian Golem    Hex/Summ       0%         N/A       83%         3
 Vampiric Draining        Necr           0%         2d6       83%         3
 Freezing Cloud           Conj/Ice/Air   0%         6-21      100%        5
 Yara's Violent Unravell  Hex/Tmut       0%         3d3       100%        5
 Enfeeble                 Hex            0%         N/A       100%        7
 Orb of Destruction       Conj           0%         9d5       100%        7
 Spellforged Servitor     Conj/Summ      0%         N/A       100%        7


Dungeon Overview and Level Annotations

Branches:
Dungeon (7/15)             Temple (1/1) D:5           Sewer (visited)

Altars:
Ashenzari
Cheibriados
Dithmenos
Elyvilon
Fedhas
Hepliaklqana
Makhleb
Nemelex Xobeh
Qazlal
Sif Muna
Trog
Vehumet
Yredelemnul
The Shining One

Shops:
D:1 !   D:3 [

Annotations:
Temple 4 transporters


Innate Abilities, Weirdness & Mutations

You cannot wear most types of armour.
You are amphibious.
You can wear up to eight rings at the same time.
Your skin changes colour to match your surroundings (Stealth+).
Your rubbery body absorbs attacks. (AC +1, EV +1)
((You are camouflaged when in or above water. (Stealth+)))
You have tentacles for arms and can constrict up to eight enemies at once.


Message History

The scorpion stings you.
You closely miss the scorpion. Your grab misses the scorpion.
The scorpion misses you.
You slash the scorpion! You freeze the scorpion. You grab the scorpion.
You squeeze the scorpion.
You kill the scorpion!
No target in view!
No target in view!
HP restored.
f - 3 scrolls of identify (gained 1) As you open the door, it creaks loudly!
You hear an angry buzzing noise.
An electric eel comes into view.
There is an open door here.
An electric eel is nearby!
A hornet comes into view.
Found 7 gold pieces.
The electric eel shoots out a bolt of lightning at you!
The bolt of electricity hits the plant!
The plant begins to die.
The bolt of electricity hits you! x2
Found a white marble altar of Elyvilon.
The hornet stings you!
* * * LOW HITPOINT WARNING * * *
You are poisoned.
You feel yourself slow down. The hornet closely misses you.
Unknown command.
You feel much better.
You feel yourself speed up.
You feel very sick. The hornet stings you!
You are more poisoned.
You feel yourself slow down. The hornet stings you.
You feel as though you will be slow longer.
You feel very sick.
A nearby plant withers and dies.
The hornet stings you!
* * * LOW HITPOINT WARNING * * *
You feel as though you will be slow longer.
The electric eel shoots out a bolt of lightning at you!
The bolt of electricity hits the plant!
The plant begins to die.
The bolt of electricity hits the plant!
The plant begins to die.
The bolt of electricity hits you!
You die...

...≈≈.....≈≈.. ##..##
......._...... #.P≈.≈PP#
#..≈≈.....≈≈.. #.#≈.≈#.#
#..≈..≈.≈..≈.. #.P≈.≈..#
#...≈≈.≈≈.... .P≈.≈P.#
##..........#. #.#≈.≈#.#
##.......#####.
#.P≈.≈.P###.........####.
...≈.≈PP@.'.........+....
P#≈.≈#y.##.........####.
#PPS.≈..$###.......## #.
..P≈.≈...# ##.....## #.
###≈.≈#### ##...## #.
#≈.≈ ##+## ## #≈≈.≈ #.#
#≈≈.. ##.#### #≈⌠._
####.....#


You could see a hornet and an electric eel.

Vanquished Creatures
  A hornet (D:6)
  An orc warrior (D:6)
  2 water moccasins
  2 black bears
  An ice beast (D:5)
  4 ogres
  A centaur (D:5)
  A phantom (D:4)
  A kobold brigand (Sewer)
  3 scorpions
  3 wights (D:6)
  An orc priest (D:6)
  A sleepcap (D:5)
  7 iguanas
  2 orc wizards (D:6)
  4 gnolls (D:5)
  8 adders
  3 river rats
  An ufetubus (D:5)
  A worm (D:6)
  2 dart slugs (D:3)
  15 orcs
  5 ball pythons
  3 endoplasms
  4 giant cockroaches
  6 goblins
  5 hobgoblins
  2 jackals (D:1)
  4 quokkas
  2 bats (D:1)
  4 frilled lizards
  10 kobolds
  10 rats
120 creatures vanquished.

Notes
Turn   | Place    | Note
-------+----------+-------------------------------------------
     0 | D:1      | Kurtz the Octopode Fighter began the quest for the Orb.
     0 | D:1      | Reached XP level 1. HP: 16/16 MP: 1/1
    84 | D:1      | Reached XP level 2. HP: 21/21 MP: 2/2
   213 | D:1      | Reached skill level 3 in Axes
   384 | D:1      | Found Isay's Distillery.
   500 | D:1      | Reached XP level 3. HP: 26/26 MP: 3/3
  1127 | D:3      | Noticed a black bear
  1156 | D:3      | You fall into a shaft and drop 1 floor!
  1225 | D:4      | Reached skill level 4 in Axes
  1328 | D:4      | Reached XP level 4. HP: 24/31 MP: 4/4
  1364 | D:4      | Noticed a phantom
  1385 | D:4      | Killed a phantom
  1386 | D:4      | Reached skill level 5 in Axes
  1386 | D:4      | Reached XP level 5. HP: 33/36 MP: 5/5
  1433 | D:4      | Reached skill level 6 in Axes
  1433 | D:4      | HP: 1/36 [poisoned by a scorpion]
  1827 | D:4      | Reached XP level 6. HP: 42/42 MP: 6/6
  2098 | D:3      | Found Urinegyx's Armour Emporium.
  2132 | D:3      | Killed a black bear
  2170 | D:3      | Reached skill level 7 in Axes
  2201 | D:3      | Reached XP level 7. HP: 46/46 MP: 7/7
  2372 | D:3      | Found a faded altar of an unknown god.
  2490 | D:5      | Entered Level 5 of the Dungeon
  2490 | D:5      | Found a staircase to the Ecumenical Temple.
  2510 | Temple   | Found a transporter.
  2510 | Temple   | Found a transporter.
  2510 | Temple   | Found a transporter.
  2510 | Temple   | Found a transporter.
  2510 | Temple   | Entered the Ecumenical Temple
  2665 | D:5      | Reached skill level 8 in Axes
  3017 | D:5      | Reached skill level 9 in Axes
  3017 | D:5      | Reached XP level 8. HP: 52/52 MP: 8/8
  3423 | D:5      | Found a sparkling altar of Nemelex Xobeh.
  3598 | D:6      | Reached skill level 10 in Axes
  3764 | D:6      | Found a glowing drain.
  3771 | Sewer    | Entered a sewer
  3921 | Sewer    | Found a glowing silver altar of Zin.
  4031 | Sewer    | Became a worshipper of Zin the Law-Giver
  4031 | Sewer    | Reached * piety under Zin
  4214 | D:6      | Reached skill level 11 in Axes
  4382 | D:6      | Reached XP level 9. HP: 47/56 MP: 9/9
  4671 | D:6      | Noticed a hornet
  4677 | D:6      | Killed a hornet
  4678 | D:6      | Reached skill level 1 in Invocations
  4821 | D:6      | Reached skill level 12 in Axes
  5250 | D:7      | Found a burning altar of Makhleb.
  5285 | D:7      | Noticed a hornet
  5287 | D:7      | Found a white marble altar of Elyvilon.
  5289 | D:7      | Killed from afar by an electric eel

Illustrated notes

Levels and vault maps discovered:
D:1:      wander_arrival_lonely_grave, layout_basic, serial_shops,
          nicolae_shop_real_fake_doors
D:2:      layout_rooms
D:3:      layout_rooms, hellmonk_ecumenical_altar_leap_of_faith, serial_shops,
          shop
D:4:      layout_loops_cross, chequers_serial_rivers_large_b
D:5:      layout_cave_pools, mainiacjoe_overflow_alcove_4,
          minmay_temple_entry_junction_2, kennysheep_opposing_triangles
D:6:      layout_basic, gup_sewer_entry_bubbles, dreamdust_princess_bridge
D:7:      layout_loops_corners, mainiacjoe_overflow_small_starburst,
          nicolae_elyvilon_temple_path, nzn_wu_jian_contemplation,
          minmay_liquid_box
Temple:   hellmonk_temple_divided_pantheon

Skill      XL: |  1  2  3  4  5  6  7  8  9 |
---------------+----------------------------+-----
Axes           | 3 4 5 6 7 9 11 12 | 12.1
Invocations    | 1 |  1.2
Fighting       | |  3.0
Dodging        | |  3.0
Shields        | |  3.0

Action                     |  1- 3 |  4- 6 |  7- 9 || total
---------------------------+-------+-------+-------++-------
  Melee: War axe           |    66 |       |       ||    66
         Constrict         |    20 |    12 |    34 ||    66
         Tentacles         |    16 |    10 |    36 ||    62
         Hand axe          |     1 |    48 |   139 ||   188
         Punch             |       |       |     4 ||     4
  Throw: Dart              |       |     1 |     7 ||     8
  Evoke: Wand              |       |       |     6 ||     6
    Use: Potion            |     2 |     2 |     2 ||     6
         Scroll            |       |       |     4 ||     4
   Stab: Sleeping          |     4 |     2 |     8 ||    14
 Armour: Skin              |    25 |    17 |    52 ||    94
  Dodge: Dodged            |    39 |    30 |    59 ||   128
  Block: Buckler           |     9 |     7 |    25 ||    41

Table legend: (Time is in decaauts)
 A = Elapsed time spent in this place.
 B = Non-inter-level travel time spent in this place.
 C = Inter-level travel time spent in this place.
 D = Time resting spent in this place.
 E = Time spent auto-exploring this place.
 F = Levels seen in this place.
 G = Mean time per level.
                   A        B        C        D        E       F      G
               +--------+--------+--------+--------+--------+-----+--------+
         Total |   5298 |   4996 |    302 |    835 |   3118 |   9 |  588.7 |
       Dungeon |   4988 |   4695 |    293 |    835 |   2950 |   7 |  712.6 |
        Temple |     25 |     17 |      8 |      0 |      0 |   1 |   25.0 |
         Sewer |    284 |    284 |      0 |      0 |    168 |   1 |  284.0 |
               +--------+--------+--------+--------+--------+-----+--------+

Top non-repeatable levels by time:
     D:6: 1380 daAuts
     D:5: 1008 daAuts
     D:4: 1006 daAuts
     D:1: 699 daAuts
     D:2: 436 daAuts
     D:3: 377 daAuts
   Sewer: 284 daAuts
     D:7: 79 daAuts
  Temple: 25 daAuts
